 Dungeon Crawl Stone Soup version 0.31-a0-221-gbddc013574 (webtiles) character file.

Game seed: 11509066275911103622

209 coffeetime the Magician (level 6, -7/40 HPs)
             Began as a Djinni Fire Elementalist on July 5, 2023.
             Mangled by Eustachio
             ... wielding a +5 rapier of speed
              (11 damage)
             ... on level 4 of the Dungeon.
             The game lasted 00:10:10 (2098 turns).

coffeetime the Magician (Djinni Fire Elementalist)  Turns: 2098, Time: 00:10:10

Health: -7/40      AC:  3    Str:  7    XL:     6   Next: 12%
Gold:   114        EV: 11    Int: 21    God:
                   SH:  0    Dex: 13

rFire   + + .        u - staff of conjuration
rCold   x . .        (no shield)
rNeg    + . .        d - +0 leather armour
rPois   ∞            (no helmet)
rElec   .            (no cloak)
rCorr   .            (no gloves)
SInv    +            (boots unavailable)
Will    +....        (no amulet)
Stlth   ++           g - ring of Puosiug {Wiz rN+ Will+ Int+2}
HPRegen 0.26/turn    j - ring of see invisible
MPRegen 0.00/turn

%: wizardry (x1), infuse magic (-8 HP)
@: flying
A: sickness immunity, fire resistance 2, cold vulnerability 1, float, innate
caster, HP casting, extra vitality 1
a: no special abilities


You were on level 4 of the Dungeon.
You visited 1 branch of the dungeon, and saw 4 of its levels.

You collected 114 gold pieces.

Inventory:

Hand Weapons
 e - a +0 short sword
Missiles
 h - 13 stones
 o - 5 poisoned darts
Armour
 a - a +0 robe
 d - a +0 leather armour (worn)
Magical Staves
 r - a staff of air
 u - a staff of conjuration (weapon)
Jewellery
 g - the ring of Puosiug (left hand) {Wiz rN+ Will+ Int+2}
   (You found it on level 2 of the Dungeon)

   [ring of wizardry]

   It improves your spell success rate.
   Int:       It affects your intelligence (+2).
   rN:        It protects you from negative energy.
   Will:      It increases your willpower.
 j - a ring of see invisible (right hand)
 p - a ring of protection from fire
Wands
 w - a wand of polymorph (9)
Scrolls
 b - 3 scrolls of teleportation {unknown}
 c - 3 scrolls of blinking {unknown}
 f - 2 scrolls of identify {unknown}
 k - a scroll of vulnerability {unknown}
 l - a scroll of immolation {unknown}
 m - a scroll of torment {unknown}
 n - a scroll of noise {unknown}
 q - a scroll of enchant weapon {unknown}
Potions
 i - a potion of mutation {unknown}
 s - 2 potions of might {unknown}
 t - a potion of degeneration {unknown}
 v - 2 potions of enlightenment {unknown}


   Skills:
 + Level 1.2 Armour
 - Level 2.1 Dodging
 + Level 3.2 Stealth
 * Level 4.2 Spellcasting
 * Level 4.2 Conjurations
 * Level 4.2 Hexes
 * Level 4.2 Summonings
 * Level 4.2 Necromancy
 * Level 4.2 Translocations
 * Level 4.2 Transmutations
 * Level 4.2 Fire Magic
 * Level 4.2 Ice Magic
 * Level 4.2 Air Magic
 * Level 4.2 Earth Magic
 * Level 4.2 Poison Magic


You knew the following spells:

 Your Spells              Type           Power      Damage    Failure   Level
a - Foxfire               Conj/Fire      100%       2x1d9     1%          1
b - Scorch                Fire           44%        2d6       1%          2
c - Volatile Blastmotes   Fire/Tloc      44%        2d13      3%          3
d - Inner Flame           Hex/Fire       22%        N/A       3%          3
e - Flame Wave            Conj/Fire      33%        2d10      12%         4
f - Sandblast             Erth           44%        2d11      1%          1
g - Passwall              Tmut/Erth      18%        N/A       1%          2
Your spell library was empty.

Dungeon Overview and Level Annotations

Branches:
Dungeon (4/15)
 Temple: D:4-7

Altars:
Nemelex Xobeh

Annotations:
D:3 Sigmund
D:4 Eustachio, Grinder


Innate Abilities, Weirdness & Mutations

You are immune to sickness and miasma.
You are immune to poison.
Your flesh is very heat resistant. (rF++)
You are vulnerable to cold. (rC-)
You float through the air rather than walking.
You learn spells naturally, not from books.
Your magical power is your life essence.
You have superior vitality. (+4 MHP)


Message History

Grinder is severely wounded.
The concussive blast engulfs the rat!
You kill the rat!
The rat's corpse disappears in a puff of smoke!
The adder hisses angrily.
Casting: Volatile Blastmotes (dangerous; 4% risk of failure)
Confirm with . or Enter, or press ? or * to list all spells.
A cloud of volatile blastmotes flares up around you!
Grinder gestures at you. You resist with some effort.
Grinder blinks!
Grinder blinks!
Eustachio mumbles some strange words.
Eustachio blinks!
Eustachio attacks as you move away!
Eustachio hits you with a +5 rapier of speed!
* * * LOW HITPOINT WARNING * * *
The cloud of blastmotes explodes!
The concussive blast engulfs the adder!
You kill the adder!
The concussive blast engulfs you. You resist.
* * * LOW HITPOINT WARNING * * *
You are knocked back by the blast.
A hobgoblin comes into view.
Your Armour skill increases to level 1!
Casting: Volatile Blastmotes (dangerous; 3% risk of failure)
Confirm with . or Enter, or press ? or * to list all spells.
A cloud of volatile blastmotes flares up around you!
* * * LOW HITPOINT WARNING * * *
Eustachio casts a spell.
Eustachio blinks!
A steam dragon comes into view.
Eustachio completely misses you.
The ball python bites you but does no damage.
The ball python barely misses you.
Eustachio utters an oath, "I will die for my friends!"
The steam dragon breathes steam at you. The ball of steam misses you.
Eustachio attacks as you move away!
Eustachio hits you with a +5 rapier of speed!
You die...

#.................
#.................
#5................
#.................
#§.........<.♣♣♣♣♣
#............♣
#######...)........♣
.....§§@Sg.........♣
#######@§§..........
#.§.§.D........
#..............
#...............
#.............
#..............
#...............
#................
#................


You could see Eustachio, Grinder, a hobgoblin and a ball python.

Vanquished Creatures
  A howler monkey (D:4)
  A jelly (D:4)
  An orc priest (D:3)
  An orc wizard (D:4)
  4 adders
  2 worms
  3 dart slugs
  6 orcs
  2 endoplasms
  A giant cockroach (D:3)
  2 goblins
  3 hobgoblins
  3 jackals (D:1)
  2 kobolds
  A quokka (D:3)
  3 ball pythons
  4 bats
  3 frilled lizards
  A butterfly (D:1)
44 creatures vanquished.

Vanquished Creatures (others)
  126 foxfires
126 creatures vanquished.

Grand Total: 170 creatures vanquished

Notes
Turn   | Place    | Note
-------+----------+-------------------------------------------
     0 | D:1      | coffeetime the Djinni Fire Elementalist began the quest for
                  | the Orb.
     0 | D:1      | coffeetime set off with the following spells memorised:
                  | Foxfire, Scorch, Volatile Blastmotes, Inner Flame, Flame
                  | Wave.
     0 | D:1      | Reached XP level 1. HP: 15/15 MP: 0/0
   279 | D:1      | Reached XP level 2. HP: 13/21 MP: 0/0
   762 | D:2      | Identified the ring of Puosiug {Wiz rN+ Will+ Int+2}
   934 | D:2      | Reached XP level 3. HP: 23/25 MP: 0/0
   934 | D:2      | Learned a level 1 spell: Sandblast
  1483 | D:3      | Reached XP level 4. HP: 24/31 MP: 0/0
  1603 | D:3      | Found a sparkling altar of Nemelex Xobeh.
  1743 | D:3      | Reached XP level 5. HP: 34/35 MP: 0/0
  1743 | D:3      | Learned a level 2 spell: Passwall
  1830 | D:3      | Noticed Sigmund
  1875 | D:4      | Noticed Grinder
  1909 | D:4      | Noticed Eustachio
  2030 | D:4      | Reached XP level 6. HP: 39/40 MP: 0/0
  2071 | D:4      | Paralysed by Grinder for 3 turns
  2093 | D:4      | Reached skill level 1 in Armour
  2094 | D:4      | Noticed a steam dragon
  2098 | D:4      | Mangled by Eustachio

Illustrated notes

Levels and vault maps discovered:
D:1:      spicycebolla_arrival_clurvy, layout_basic, minmay_misc_feat_encased,
          nrook_mini_backslash
D:2:      layout_loops_cross
D:3:      layout_basic, nemelex_altar_shiori, hangedman_decor_points,
          uniq_sigmund
D:4:      layout_gridville, mainiacjoe_overflow_boulevard, slow_altar_1,
          mainiacjoe_overflow_alcove_1, nicolae_vehumet_altar_sigil,
          minmay_temple_entry_enclosed_plants, minmay_liquid_box,
          uniq_eustachio, uniq_grinder

Skill      XL: |  1  2  3  4  5  6 |
---------------+-------------------+-----
Spellcasting   | 4 |  4.2
Conjurations   | 4 |  4.2
Hexes          | 4 |  4.2
Summonings     | 4 |  4.2
Necromancy     | 4 |  4.2
Translocations | 4 |  4.2
Transmutations | 4 |  4.2
Fire Magic     | 4 |  4.2
Ice Magic      | 4 |  4.2
Air Magic      | 4 |  4.2
Earth Magic    | 4 |  4.2
Poison Magic   | 4 |  4.2
Stealth        | 2 3 |  3.2
Armour         | 1 |  1.2
Dodging        | |  2.1

Action                     |  1- 3 |  4- 6 || total
---------------------------+-------+-------++-------
  Melee: Unarmed           |     1 |       ||     1
   Cast: Foxfire           |    41 |    29 ||    70
         Sandblast         |     1 |       ||     1
         Volatile Blastmot |       |     6 ||     6
   Stab: Sleeping          |     1 |       ||     1
 Armour: Robe              |     2 |       ||     2
         Leather armour    |       |     2 ||     2
  Dodge: Dodged            |    11 |     4 ||    15

Table legend: (Time is in decaauts)
 A = Elapsed time spent in this place.
 B = Non-inter-level travel time spent in this place.
 C = Inter-level travel time spent in this place.
 D = Time resting spent in this place.
 E = Time spent auto-exploring this place.
 F = Levels seen in this place.
 G = Mean time per level.
                   A        B        C        D        E       F      G
               +--------+--------+--------+--------+--------+-----+--------+
         Total |   2096 |   1943 |    153 |    128 |   1316 |   4 |  524.0 |
       Dungeon |   2096 |   1943 |    153 |    128 |   1316 |   4 |  524.0 |
               +--------+--------+--------+--------+--------+-----+--------+

Top non-repeatable levels by time:
     D:1: 707 daAuts
     D:2: 657 daAuts
     D:3: 631 daAuts
     D:4: 100 daAuts
